 Dungeon Crawl Stone Soup version 0.29.1-15-g9cfb28693d (console) character file.

Game seed: 16835603278114955704

116 om the Grave Robber (level 4, 0/32 HPs)
             Began as a Vampire Necromancer on Apr 25, 2023.
             Slain by a black bear (2 damage)
             ... on level 5 of the Dungeon.
             The game lasted 00:07:49 (3672 turns).

om the Grave Robber (Vampire Necromancer)           Turns: 3672, Time: 00:07:50

Health: 0/32       AC:  2    Str:  7    XL:     4   Next: 70%
Magic:  8/9        EV: 12    Int: 19    God:
Gold:   132        SH:  0    Dex: 14    Spells: 8/9 levels left

rFire   . . .      SeeInvis +   i - +0 short sword
rCold   . . .      Faith    .   (no shield)
rNeg    . . .      Spirit   .   a - +0 robe
rPois   .          Reflect  .   (no helmet)
rElec   .          Harm     .   (no cloak)
rCorr   .          Rampage  .   (no gloves)
Will    .....                   (no boots)
Stlth   ++........              (no amulet)
HPRegen 0.30/turn               (no ring)
MPRegen 0.11/turn               (no ring)

@: healing quickly
A: alive, fangs 3, see invisible, vampiric 2
a: Exsanguinate


You were on level 5 of the Dungeon.
You visited 1 branch of the dungeon, and saw 5 of its levels.

You collected 132 gold pieces.

Inventory:

Hand Weapons
 i - a +0 short sword (weapon)
Armour
 a - a +0 robe (worn)
Jewellery
 j - an amulet of magic regeneration
 k - a ring of wizardry
Wands
 e - a wand of mindburst (4)
Scrolls
 d - a scroll of immolation {unknown}
 f - a scroll of blinking {unknown}
 g - 3 scrolls of magic mapping {unknown}
 h - a scroll of vulnerability {unknown}
 o - a scroll of enchant weapon {unknown}
 p - a scroll of fog {unknown}
Potions
 c - a potion of haste
 l - a potion of heal wounds {unknown}
 m - a potion of flight {unknown}
 n - 3 potions of lignification
 q - a potion of might {unknown}


   Skills:
 - Level 1.0 Fighting
 - Level 0.1 Maces & Flails
 + Level 2.8 Dodging
 + Level 3.6 Stealth
 * Level 3.3 Spellcasting
 + Level 5.0 Necromancy


You had 8 spell levels left.
You knew the following spells:

 Your Spells              Type           Power      Damage    Failure   Level
a - Necrotise             Necr           88%        1d8       1%          1

Your spell library contained the following spells:

 Spells                   Type           Power      Damage    Failure   Level
 Vampiric Draining        Necr           22%        2d7       5%          3
 Animate Dead             Necr           22%        N/A       19%         4
 Ozocubu's Armour         Ice            3%         N/A       41%         3
 Agony                    Necr           22%        N/A       45%         5
 Animate Armour           Summ/Erth      6%         N/A       82%         4
 Borgnjor's Vile Clutch   Necr/Erth      6%         N/A       82%         5
 Death Channel            Necr           11%        N/A       96%         6
 Blade Hands              Tmut           1%         N/A       99%         5
 Metabolic Englaciation   Hex/Ice        1%         N/A       99%         5
 Iron Shot                Conj/Erth      1%         9d1       100%        6
 Simulacrum               Ice/Necr       6%         N/A       100%        6
 Ozocubu's Refrigeration  Ice            1%         4d7       100%        7


Dungeon Overview and Level Annotations

Branches:
Dungeon (5/15)
 Temple: D:4-7

Altars:
Qazlal
Trog

Shops:
D:1 [

Annotations:
D:4 Edmund


Innate Abilities, Weirdness & Mutations

Your natural rate of healing is accelerated.
You have razor-sharp teeth.
You have supernaturally acute eyesight. (SInv)
You are afflicted with vampirism and can become a bat while bloodless.


Message History

Your quokka skeleton crumbles into dust!
Magic restored.
You now have 116 gold pieces (gained 8).
Found 16 gold pieces.
You now have 132 gold pieces (gained 16).
There is a stone staircase leading up here.
There is a stone staircase leading up here.
Found a stone staircase leading down.
The goblin shouts!
The goblin writhes in agony.
The goblin writhes in agony.
The goblin writhes in agony.
You kill the goblin!
The dead are walking!
There is a stone staircase leading down here.
You climb downwards.
Found a ring mail.
Found a stone staircase leading down.
There is a stone staircase leading up here.
The black bear growls angrily.
The black bear writhes in agony.
The black bear writhes in agony.
The black bear writhes in agony!
The black bear writhes in agony.
The black bear bites you! The black bear closely misses you. x2
The black bear writhes in agony.
The black bear barely misses you. The black bear claws you.
The black bear barely misses you.
The black bear writhes in agony.
The black bear goes berserk!
The black bear writhes in agony.
The black bear bites you! The black bear misses you. The black bear claws you.
* * * LOW HITPOINT WARNING * * *
Magic courses through your body. The black bear barely misses you.
The black bear claws you.
* * * LOW HITPOINT WARNING * * *
The black bear closely misses you. x2; The black bear claws you.
* * * LOW HITPOINT WARNING * * *
The black bear claws you but does no damage.
Aiming: Necrotise (safe; 1% risk of failure)
Press: ? - help, Q - select action, (/) - cycle Shift-Dir - straight line, f/p - black bear
Aim: a black bear (almost dead, berserk, chance to affect: 81%)
The black bear writhes in agony.
The black bear bites you.
* * * LOW HITPOINT WARNING * * *
The black bear claws you.
You die...

#
######.##
#........
#......>.
#@.......
#h......[
#........
#........
#........
#........
#........
#####.###


You could see a black bear (berserk).

Vanquished Creatures
  5 adders
  2 worms (D:2)
  6 endoplasms
  4 giant cockroaches
  5 goblins
  8 hobgoblins
  5 quokkas
  3 ball pythons
  8 bats
  2 frilled lizards
  7 kobolds
  6 rats
61 creatures vanquished.

Vanquished Creatures (collateral kills)
  An endoplasm (D:3)
  A ball python (D:3)
  A kobold (D:3)
  A rat (D:2)
4 creatures vanquished.

Grand Total: 65 creatures vanquished

Notes
Turn   | Place    | Note
-------+----------+-------------------------------------------
     0 | D:1      | om the Vampire Necromancer began the quest for the Orb.
     0 | D:1      | Reached XP level 1. HP: 13/13 MP: 3/3
   372 | D:1      | Reached XP level 2. HP: 19/19 MP: 3/5
   548 | D:1      | Found Qena's Armour Emporium.
  1047 | D:1      | Found a faded altar of an unknown god.
  1254 | D:2      | Gained mutation: You are afflicted with vampirism and can
                  | become a bat while bloodless. [Vampire growth]
  1254 | D:2      | Reached XP level 3. HP: 25/25 MP: 4/6
  2294 | D:3      | Found a bloodstained altar of Trog.
  2325 | D:3      | Found a stormy altar of Qazlal.
  2563 | D:3      | Reached skill level 1 in Fighting
  2563 | D:3      | Reached XP level 4. HP: 24/32 MP: 3/8
  3071 | D:3      | Reached skill level 5 in Necromancy
  3442 | D:4      | Noticed a lemure
  3512 | D:4      | Noticed Edmund
  3663 | D:5      | Entered Level 5 of the Dungeon
  3663 | D:5      | Noticed a black bear
  3672 | D:5      | Slain by a black bear

Illustrated notes

Levels and vault maps discovered:
D:1:      mrwooster_arrival_statue_3, layout_loops_ring,
          hellmonk_ecumenical_altar_zigzags, serial_shops, shop,
          corexii_leaking_fountain, minmay_tromino_v2
D:2:      layout_loops_ring, chequers_serial_rivers_room_b,
          kennysheep_generic_room_14
D:3:      wander_river, layout_loops_corners, mainiacjoe_overflow_two_lobes
D:4:      layout_loops_ring, mainiacjoe_overflow_chevrons, uniq_pikel,
          uniq_edmund, uniq_crazy_yiuf_cottage
D:5:      layout_loops_ring, mainiacjoe_overflow_24_doors, temple_fountains,
          chequers_serial_rivers_micro_d, uniq_prince_ribbit1, uniq_menkaure,
          uniq_eustachio, uniq_ijyb, uniq_duvessa

Skill      XL: |  1  2  3  4 |
---------------+-------------+-----
Spellcasting   | 3 |  3.3
Fighting       | 1 |  1.0
Necromancy     | 5 |  5.0
Maces & Flails | |  0.1
Dodging        | |  2.8
Stealth        | |  3.6

Action                   |  1- 3 |  4- 6 || total
-------------------------+-------+-------++-------
Melee: Club              |    11 |       ||    11
       Unarmed           |     2 |       ||     2
       Bite              |     4 |     2 ||     6
       Dagger            |    22 |       ||    22
       Short sword       |       |    12 ||    12
       Punch             |       |     1 ||     1
 Cast: Necrotise         |    74 |    35 ||   109
  Use: Scroll            |     4 |       ||     4
       Potion            |       |     1 ||     1
 Stab: Sleeping          |     6 |       ||     6
Armor: Robe              |     8 |     5 ||    13
Dodge: Dodged            |    33 |    21 ||    54
